 Dungeon Crawl Stone Soup version 0.26-a0-812-g31a745ddcd (webtiles) character file.

Game seed: 15070187586211463950

100 Dracia the Stinger (level 4, -5/33 HPs)
             Began as a Draconian Venom Mage on Nov 29, 2020.
             Killed from afar by an orc wizard (9 damage)
             ... with a magic dart
             ... on level 2 of the Dungeon.
             The game lasted 00:04:20 (2667 turns).

Dracia the Stinger (Draconian Venom Mage)           Turns: 2667, Time: 00:04:22

Health: -5/33      AC:  5    Str: 11    XL:     4   Next: 47%
Magic:  2/7        EV: 12    Int: 16    God:
Gold:   128        SH:  0    Dex: 11    Spells: 1/7 levels left

rFire    . . .     SeeInvis .   e - +2 dagger (speed)
rCold    . . .     Faith    .   (no shield)
rNeg     . . .     Spirit   .   (armour unavailable)
rPois    .         Reflect  .   (helmet restricted)
rElec    .         Harm     .   (no cloak)
rCorr    .         Rampage  .   (no gloves)
MR       .....                  (no boots)
Stlth    ++........             (no amulet)
HPRegen  0.11/turn              (no ring)
MPRegen  0.10/turn              (no ring)

@: no status effects
A: unfitting armour, cold-blooded, AC +5
a: no special abilities


You were on level 2 of the Dungeon.
You visited 1 branch of the dungeon, and saw 3 of its levels.

You collected 128 gold pieces.


Innate Abilities, Weirdness & Mutations

Your plain brown scales are hard. (AC +5)
You cannot fit into any form of body armour.
You are cold-blooded and may be slowed by cold attacks.


   Skills:
 - Level 1.7 Dodging
 - Level 1.7 Stealth
 - Level 2.0 Spellcasting
 - Level 1.0 Transmutations
 + Level 5.3 Poison Magic


You had one spell level left.
You knew the following spells:

 Your Spells              Type           Power        Failure   Level
a - Sting                 Tmut/Pois      ##..         5%          1
b - Poisonous Vapours     Pois/Air       ##....       11%         2
c - Ignite Poison         Fire/Tmut/Pois #.......     26%         3

Your spell library contained the following spells:

 Spells                   Type           Power        Failure   Level
 Olgreb's Toxic Radiance  Pois           ###.....     22%         4
 Mephitic Cloud           Conj/Pois/Air  #.......     30%         3

Inventory:

Hand Weapons
 c - a +0 dagger
 e - a +2 dagger of speed (weapon)
Missiles
 h - 2 throwing nets {=f}
Armour
 k - a +0 pair of boots
Scrolls
 d - 2 scrolls of fog {unknown}
 f - 2 scrolls of amnesia {unknown}
 l - a scroll of remove curse {unknown}
Potions
 a - 2 potions of haste {unknown}
 b - a potion of mutation {unknown}
 g - 2 potions of degeneration {unknown}
 i - a potion of ambrosia {unknown}
 j - a potion of resistance {unknown}

Dungeon Overview and Level Annotations

Branches:
Dungeon (3/15)

Altars:
Uskayaw
Vehumet

.(.......># #.# #.########
#########.# #.# #.# #.# #<#
#.# #.# #.# #.# #.####.# #.#
#########.##...####.##
.............#...o)#.#########
##########.#...##>###........#
# #.##.##@## ##....##.#### #
#.##.###.###.##......... ##
#.........#......##.###. .#
#..#.#####.#####.##.##.. .#
#..#.# ### #.รท........ .#
#..#.# ###.....##... .# #..#.#
##.......##... .#
#..#.######........##.). .#
#..#....................


You could see an orc wizard (fast, very poisoned).


Message History

The sting hits the orc.
The orc is poisoned.
The orc is heavily wounded.
The orc wizard gestures at you while chanting.
The magic dart hits you.
* * * LOW HITPOINT WARNING * * *
The orc hits you with a +0 trident.
* * * LOW HITPOINT WARNING * * *
The orc closely misses you.
Casting: Sting (safe; 6% risk of failure)
Confirm with . or Enter, or press ? or * to list all spells.
Press: ? - help, Shift-Dir - straight line, f - orc, p - orc
Aim: an orc (lightly wounded)
The sting hits the orc.
The orc is poisoned.
The orc is severely wounded.
You kill the orc!
The orc hits you with a +0 trident.
* * * LOW HITPOINT WARNING * * *
You kill the orc!
The orc wizard points at you and mumbles some strange words.
You resist with some effort.
You see here an orc corpse.
Casting: Sting (safe; 5% risk of failure)
Confirm with . or Enter, or press ? or * to list all spells.
Aiming: Sting (safe; 5% risk of failure)
Press: ? - help, Shift-Dir - straight line, f - orc wizard
Aim: an orc wizard, wielding a +0 dagger and wearing a +0 robe (severely wounded, fast, very poisoned)
The sting misses the orc wizard.
The orc wizard points at you and mumbles some strange words.
The magic dart hits you!
You die...

Skill      XL: |  1  2  3  4 |
---------------+-------------+-----
Poison Magic   | 4 5 |  5.3
Dodging        | |  1.7
Stealth        | |  1.7
Spellcasting   | |  2.0
Transmutations | |  1.0

Action                   |  1- 3 |  4- 6 || total
-------------------------+-------+-------++-------
Melee: Unarmed           |    32 |       ||    32
       Tailslap          |    15 |     3 ||    18
       Dagger            |   125 |    64 ||   189
 Cast: Sting             |    17 |    14 ||    31
 Stab: Sleeping          |     3 |       ||     3
Armor: Skin              |    59 |    15 ||    74
Dodge: Dodged            |   110 |    41 ||   151

Levels and vault maps discovered:
D:1:      dpeg_cavernosity, layout_basic, serial_aquarium,
          aquarium_bridge_long_joined [aquarium_subvault_wall,
          aquarium_subvault_window, aquarium_subvault_bridge,
          aquarium_subvault_bridge, aquarium_subvault_wall,
          aquarium_subvault_wall], aquarium_bridge_square
          [aquarium_subvault_window, aquarium_subvault_wall,
          aquarium_subvault_bridge, aquarium_subvault_balcony],
          aquarium_window_1, aquarium_window_2, aquarium_window_corridor_2,
          aquarium_view_2d, aquarium_view_2e, aquarium_balcony_1a
D:2:      layout_loops_ring, grunt_temple_overflow_open
D:3:      layout_basic, ebering_ghost_rock_garden

Notes
Turn   | Place    | Note
-------+----------+-------------------------------------------
     0 | D:1      | Dracia the Draconian Venom Mage began the quest for the
                  | Orb.
     0 | D:1      | Reached XP level 1. HP: 14/14 MP: 3/3
   355 | D:1      | Reached XP level 2. HP: 18/20 MP: 3/5
   527 | D:1      | Reached skill level 4 in Poison Magic
   531 | D:1      | Learned a level 2 spell: Poisonous Vapours
   819 | D:1      | Reached XP level 3. HP: 26/26 MP: 6/6
  1478 | D:2      | Learned a level 3 spell: Ignite Poison
  1698 | D:2      | Found a hide-covered altar of Uskayaw.
  1699 | D:2      | Found a radiant altar of Vehumet.
  1703 | D:2      | Reached XP level 4. HP: 33/33 MP: 7/7
  1766 | D:2      | Reached skill level 5 in Poison Magic
  2665 | D:2      | HP: 3/33 [orc/+0 trident (5)]
  2667 | D:2      | Killed from afar by an orc wizard

Vanquished Creatures
  2 adders (D:2)
  An ooze (D:2)
  2 worms (D:2)
  2 dart slugs (D:1)
  2 orcs (D:2)
  7 bats
  3 giant cockroaches
  7 goblins
  6 hobgoblins
  12 jackals
  4 kobolds
  7 frilled lizards
  8 rats
63 creatures vanquished.

Table legend: (Time is in decaauts)
 A = Elapsed time spent in this place.
 B = Non-inter-level travel time spent in this place.
 C = Inter-level travel time spent in this place.
 D = Time resting spent in this place.
 E = Time spent auto-exploring this place.
 F = Levels seen in this place.
 G = Mean time per level.
                   A        B        C        D        E       F      G
               +--------+--------+--------+--------+--------+-----+--------+
         Total |   2615 |   2581 |     34 |    161 |   2042 |   3 |  871.7 |
       Dungeon |   2615 |   2581 |     34 |    161 |   2042 |   3 |  871.7 |
               +--------+--------+--------+--------+--------+-----+--------+

Top non-repeatable levels by time:
     D:1: 1420 daAuts
     D:2: 1190 daAuts
     D:3: 5 daAuts

Table legend:
 A = Non-vault XP
 B = Vault XP
 C = Vault XP percentage of total XP
 D = Non-vault monster count
 E = Vault monster count
 F = Vault count percentage of total count
                 A         B        C        D         E       F
            +---------+---------+-------+---------+---------+-------
      Total |     135 |       9 |   6.2 |      59 |       4 |   6.3
            +---------+---------+-------+---------+---------+-------
        D:1 |      58 |       9 |  13.4 |      32 |       4 |  11.1
        D:2 |      77 |       0 |   0.0 |      27 |       0 |   0.0
            +---------+---------+-------+---------+---------+-------
